 Dungeon Crawl Stone Soup version 0.27-a0-1228-gfd60fd639a (webtiles) character file.

Game seed: 3673874282567773963

184 robertstho the Magician (level 5, -3/35 HPs)
             Began as a Djinni Fire Elementalist on June 7, 2021.
             Killed by nerve-wracking pain
             ... invoked by Grinder
              (13 damage)
             ... on level 3 of the Dungeon.
             The game lasted 00:03:57 (3998 turns).

robertstho the Magician (Djinni Fire Elementalist)  Turns: 3998, Time: 00:03:58

Health: -3/35      AC:  6    Str:  7    XL:     5   Next: 95%
Gold:   79         EV: 13    Int: 17    God:
                   SH:  0    Dex: 14

rFire    + + .     SeeInvis .   e - +1 dagger (holy)
rCold    x . .     Faith    .   (no shield)
rNeg     . . .     Spirit   .   a - +0 robe
rPois    ∞         Reflect  .   (no helmet)
rElec    .         Harm     .   (no cloak)
rCorr    .         Rampage  .   (no gloves)
Will     .....                  (boots unavailable)
Stlth    ++........             (no amulet)
HPRegen  0.11/turn              b - +4 ring of protection
MPRegen  0.00/turn              f - ring of wizardry

@: flying
A: sickness immunity, fire resistance 2, cold vulnerability 1, float, innate
caster, hp casting, extra vitality 1
a: no special abilities


You were on level 3 of the Dungeon.
You visited 1 branch of the dungeon, and saw 3 of its levels.

You collected 79 gold pieces.

Inventory:

Hand Weapons
 c - a +0 dagger
 e - a +1 dagger of holy wrath (weapon)
Armour
 a - a +0 robe (worn)
Jewellery
 b - a +4 ring of protection (left hand)
 f - a ring of wizardry (right hand)
Wands
 o - a wand of iceblast (3)
Scrolls
 g - 2 scrolls of summoning {unknown}
 j - a scroll of brand weapon {unknown}
 k - a scroll of vulnerability {unknown}
 m - a scroll of fog {unknown}
 n - a scroll of identify {unknown}
 p - a scroll of teleportation {unknown}
Potions
 d - a potion of brilliance
 h - a potion of degeneration {unknown}
 i - a potion of resistance {unknown}
 l - a potion of cancellation


   Skills:
 + Level 0.1 Short Blades
 * Level 3.3 Dodging
 + Level 2.0 Stealth
 * Level 4.2 Spellcasting


You couldn't memorise any spells.
You knew the following spells:

 Your Spells              Type           Power      Damage    Failure   Level
a - Foxfire               Conj/Fire      72%        2x1d7     1%          1
b - Conjure Flame         Conj/Fire      18%        6-21      3%          3
c - Inner Flame           Hex/Fire       18%        N/A       3%          3
d - Sticky Flame          Conj/Fire      18%        2d4       11%         4
e - Fireball              Conj/Fire      9%         3d6       28%         5
f - Pain                  Necr           72%        1d7       1%          1
g - Passwall              Tmut/Erth      15%        N/A       1%          2
Your spell library was empty.

Dungeon Overview and Level Annotations

Branches:
Dungeon (3/15)

Altars:
Yredelemnul

Shops:
D:1 ((

Annotations:
D:3 Grinder


Innate Abilities, Weirdness & Mutations

You are immune to sickness and miasma.
You are immune to poison.
Your flesh is very heat resistant. (rF++)
You are vulnerable to cold. (rC-)
You float through the air rather than walking.
You learn spells naturally, not from books.
Your magical power is your life essence.
You have superior vitality. (+4 HP)


Message History

Grinder gestures at you. You resist with significant effort.
Grinder burns!
Grinder hits you but does no damage.
Grinder burns!
Grinder gestures at you. Pain shoots through your body! Grinder hits you.
You writhe in agony.
Grinder burns!
Grinder stops burning.
Grinder gestures at you. You resist with significant effort.
You can move again.
Casting: Sticky Flame (quite dangerous; 11% risk of failure)
Confirm with . or Enter, or press ? or * to list all spells.
The spell is quite dangerous to cast (11% risk of failure)!
Continue anyway?
Aiming: Sticky Flame (quite dangerous; 11% risk of failure)
Press: ? - help, Shift-Dir - straight line, f/p - Grinder
Aim: Grinder (severely wounded, fast, 100% to hit)
You miscast Sticky Flame.
You are very lightly contaminated with residual magic.
Nothing appears to happen.
Grinder gestures at you. Pain shoots through your body!
* * * LOW HITPOINT WARNING * * *
Grinder closely misses you.
Unknown command.
Drop what? 16/52 slots (_ for help) (? for menu, Esc to quit)
Okay, then.
It was a potion of brilliance.
You feel clever all of a sudden. Grinder barely misses you.
It was a potion of cancellation.
Your magical effects are unravelling.
You feel magically purged.
Your magical contamination has completely faded away.
You feel a little less clever now.
Grinder blinks!
Grinder gestures at you. You resist with significant effort.
Grinder gestures at you. Pain shoots through your body!
You die...

.###......#####.#
#####..#
.........## #.#
##.#.#.##
.####.#.## #.#
#.......#
.##...#.# #.#
##.#)#.##.
.#..#.>.# #5#
#.........
......### #.#
##.#.#.###
...#### #.#
#<......# ...#
#.####.#.#.#.#
##.#
#.@.#..#####.#
##.# ###...## #
...# #.....##
#### #.###.# .# #
#.# .### #.# §..#
. .# ##.## .# .#
##..####.#v ..


You could see Grinder (fast).

Vanquished Creatures
  A hound (D:3)
  Ijyb (D:3)
  2 orc wizards (D:3)
  An adder (D:2)
  A worm (D:3)
  4 dart slugs
  3 orcs (D:3)
  5 ball pythons
  5 bats
  An endoplasm (D:1)
  2 giant cockroaches
  4 goblins
  2 hobgoblins
  5 jackals
  3 quokkas
  3 frilled lizards
  10 kobolds
  3 rats
56 creatures vanquished.

Vanquished Creatures (others)
  248 foxfires
248 creatures vanquished.

Grand Total: 304 creatures vanquished

Notes
Turn   | Place    | Note
-------+----------+-------------------------------------------
     0 | D:1      | robertstho the Djinni Fire Elementalist began the quest for
                  | the Orb.
     0 | D:1      | Reached XP level 1. HP: 15/15 MP: 0/0
   270 | D:1      | Reached XP level 2. HP: 13/21 MP: 0/0
  1187 | D:1      | Found Cokkilue's Antique Weapon Emporium.
  1233 | D:1      | Reached skill level 3 in Spellcasting
  1330 | D:1      | Found Ruwnupeegi's Weapon Boutique.
  1429 | D:1      | Reached XP level 3. HP: 24/25 MP: 0/0
  1429 | D:1      | Learned a level 1 spell: Pain
  2675 | D:2      | Reached XP level 4. HP: 22/31 MP: 0/0
  3022 | D:2      | Found a basalt altar of Yredelemnul.
  3113 | D:3      | Noticed Ijyb
  3124 | D:3      | Killed Ijyb
  3390 | D:3      | Reached XP level 5. HP: 22/35 MP: 0/0
  3390 | D:3      | Learned a level 2 spell: Passwall
  3586 | D:3      | Reached skill level 4 in Spellcasting
  3987 | D:3      | Noticed Grinder
  3989 | D:3      | Paralysed by Grinder for 5 turns
  3998 | D:3      | Killed from afar by Grinder

Illustrated notes

Levels and vault maps discovered:
D:1:      dpeg_arrival_connections, layout_loops_ring, serial_shops,
          nicolae_shop_behind_doors, shop, hangedman_decor_diamond_cutter,
          corner_web_ring
D:2:      layout_basic, basic_altar
D:3:      layout_rooms, st_stairs_8, uniq_grinder, uniq_ijyb

Skill      XL: |  1  2  3  4  5 |
---------------+----------------+-----
Spellcasting   | 3 4 |  4.2
Stealth        | 2 |  2.0
Dodging        | 3 |  3.3
Short Blades   | |  0.1

Action                   |  1- 3 |  4- 6 || total
-------------------------+-------+-------++-------
Melee: Dagger            |    18 |       ||    18
 Cast: Foxfire           |    93 |    61 ||   154
       Sticky Flame      |       |     3 ||     3
  Use: Potion            |       |     2 ||     2
Armor: Robe              |    18 |     4 ||    22
Dodge: Dodged            |    26 |     7 ||    33

Table legend: (Time is in decaauts)
 A = Elapsed time spent in this place.
 B = Non-inter-level travel time spent in this place.
 C = Inter-level travel time spent in this place.
 D = Time resting spent in this place.
 E = Time spent auto-exploring this place.
 F = Levels seen in this place.
 G = Mean time per level.
                   A        B        C        D        E       F      G
               +--------+--------+--------+--------+--------+-----+--------+
         Total |   3995 |   3934 |     61 |      0 |   3516 |   3 | 1331.7 |
       Dungeon |   3995 |   3934 |     61 |      0 |   3516 |   3 | 1331.7 |
               +--------+--------+--------+--------+--------+-----+--------+

Top non-repeatable levels by time:
     D:1: 1928 daAuts
     D:2: 1114 daAuts
     D:3: 952 daAuts
